cohdb
Replays
Latest Replays
All Replays
Popular Replays
Top Player Replays
Match Explorer
How It Works
Community
CoH3 Stats
Reddit
Sign in to upload your games and track your stats! →
Sign in with Steam
The tiger stall for the win
Match 31136954
Overview
Messages
Build Orders
End
Engineer Squad
Construct Barracks
1⁄4-ton 4x4 Truck
Selects Armored Battlegroup
Selects Veteran Crews
Riflemen Squad
Riflemen Squad
Riflemen Squad
Infantry Support Center
Construct Motor Pool
Construct Medical Station
Selects M31 Recovery Vehicle
M8 Greyhound Armored Car
M1 Mortar Team
Grenade Package
Selects War Machine
M8 Greyhound Armored Car
Demolitions Package
Engineer Squad
M1918 Browning Automatic Rifles
M1 Anti-tank Gun Team
M8 Greyhound Armored Car
Riflemen Squad
M8 Greyhound Armored Car
Riflemen Squad
Selects Strength in Steel
Selects Seek and Destroy
Selects UNKNOWN (2160077)
Construct Tank Depot
Riflemen Squad
M4A3E8 Sherman Easy Eight
M4A3E8 Sherman Easy Eight
M31 Recovery Vehicle
Riflemen Squad
Speedbird
Elite_1650
0
0
Comments
sign in to comment!
No comments posted yet!